Map: Deathaura LE

Players

Has - Winner!

  • Race: Protoss Protoss
  • Spawn Location: 11:00

Nice

  • Race: Protoss Protoss
  • Spawn Location: 5:00

Event: DreamHack SC2 Masters 2020 Summer TwHkMoJp

VOD

Have the link to the VOD?

Description

Time

  • Played on: June 27, 2020, 9:22 a.m.
  • Length: 6:11

All games in this series

Show
View Real Time Build Order
Export as new Build Order

Has Protoss - Winner!

Build Orders: Nexus First 

Get SALT Encoding   

  12  0:00  Probe  
  13  0:12  Probe  
  14  0:18  Pylon  
  14  0:24  Probe  
  15  0:32  Probe  
  15  0:40  Probe  
  17  0:57  Nexus  
  17  1:07  Gateway  
  17  1:11  Probe  
  18  1:16  Assimilator  
  18  1:23  Probe  
  18  1:24  Assimilator  
  19  1:34  Gateway  
  19  1:37  Probe  
  20  1:49  Probe  
  21  1:55  Cybernetics Core  
  21  1:59  Pylon  
  22  2:08  Zealot  
  21  2:09  Probe  
  21  2:10  Probe  
  27  2:23  Stalker  
  27  2:25  Stalker  
  27  2:26  Pylon  
  28  2:37  Warp Gate  
  28  2:45  Shield Battery  
  28  2:47  Stalker  
  28  2:53  Stalker  
  32  3:08  Pylon  
  32  3:11  Shield Battery  
  32  3:17  Probe  
  33  3:23  Stalker  
  33  3:26  Probe  
  36  3:29  Probe  
  36  3:34  Probe  
  37  3:37  Probe  
  39  3:42  Probe  
  39  3:43  Robotics Facility  
  39  3:45  Probe  
  41  3:57  Stalker x2  
  41  4:00  Probe  
  41  4:02  Probe  
  46  4:12  Probe  
  46  4:14  Probe  
  46  4:15  Shield Battery  
  48  4:22  Warp Prism  
  48  4:30  Gateway  
  49  4:40  Stalker  
  49  4:41  Stalker  
  49  4:44  Probe  
  53  4:46  Probe  
  53  4:51  Pylon  
  54  4:53  Observer  
  54  4:58  Robotics Bay, Probe  
  56  5:02  Probe  
  57  5:10  Pylon, Probe  
  58  5:14  Probe  
  59  5:22  Probe  
  59  5:25  Stalker x2  
  59  5:26  Stalker  
  66  5:29  Probe  
  66  5:34  Probe  
  68  5:42  Probe  
  67  5:46  Probe  
  66  5:51  Stalker x3  
Show
View Real Time Build Order
Export as new Build Order

Nice Protoss 

Build Orders:  

Get SALT Encoding   

  12  0:00  Probe  
  13  0:12  Probe  
  14  0:20  Pylon  
  14  0:25  Probe  
  15  0:35  Probe  
  15  0:39  Gateway  
  16  0:43  Probe  
  16  0:48  Assimilator  
  17  0:51  Assimilator  
  17  0:52  Probe  
  18  1:00  Probe  
  18  1:07  Gateway  
  18  1:08  Probe  
  20  1:18  Probe  
  21  1:26  Cybernetics Core  
  21  1:30  Probe  
  22  1:35  Pylon  
  22  1:42  Probe  
  23  1:54  Warp Gate  
  23  2:02  Stalker x2  
  23  2:04  Pylon  
  27  2:23  Robotics Facility  
  27  2:32  Adept x2  
  31  2:41  Shield Battery  
  31  2:44  Pylon  
  31  2:53  Shield Battery  
  31  2:54  Shield Battery  
  31  3:02  Adept x2  
  35  3:40  Nexus  
  35  3:46  Probe  
  35  3:48  Pylon  
  36  4:06  Sentry, Probe  
  39  4:14  Sentry  
  39  4:17  Shield Battery  
  39  4:22  Robotics Facility  
  39  4:33  Pylon  
  39  4:48  Probe  
  39  4:51  Probe  
  41  4:53  Forge  
  41  4:57  Probe  
  41  5:00  Sentry, Stalker  
  41  5:03  Warp Prism, Probe  
  41  5:07  Probe  
  50  5:15  Probe  
  50  5:19  Probe  
  52  5:27  Probe  
  51  5:28  Stalker x2  
  51  5:31  Probe  
  56  5:39  Probe  
Tags
 
Add a new tag
Caveats
  • Supply blocks, unpowered buildings, or Contaminate may cause inaccurate times.
  • Supply counts are checked every 10 seconds.